 Dungeon Crawl Stone Soup version 0.31.0-1-g2c135a008e (webtiles) character file.

Game seed: 16266603388173340965

310 qw the Trooper (level 6, -2/49 HPs)
             Began as a Djinni Hunter on Jan 23, 2024.
             Slain by a gnoll
             ... wielding a +0 spear
              (7 damage)
             ... on level 3 of the Dungeon.
             The game lasted 00:00:06 (1784 turns).

qw the Trooper (Djinni Hunter)                      Turns: 1784, Time: 00:00:06

Health: -2/49      AC:  7    Str: 10    XL:     6   Next: 70%
Gold:   141        EV: 11    Int: 11    God:
                   SH:  0    Dex: 18

rFire   + + .        a - +0 shortbow
rCold   x . .        (shield currently unavailable)
rNeg    . . .        h - +0 ring mail
rPois   inf          d - +0 helmet
rElec   .            (no cloak)
rCorr   .            f - +0 pair of gloves
SInv    .            (boots unavailable)
Will    .....        (no amulet)
Stlth   +            (no ring)
HPRegen 0.28/turn    (no ring)
MPRegen 0.00/turn

%: infuse magic (-3 HP)
@: flying
A: sickness immunity, fire resistance 2, cold vulnerability 1, float, innate
caster, HP casting, extra vitality 1
a: no special abilities


You were on level 3 of the Dungeon.
You visited 1 branch of the dungeon, and saw 3 of its levels.

You collected 141 gold pieces.


Innate Abilities, Weirdness & Mutations

You are immune to sickness and miasma.
You are immune to poison.
Your flesh is very heat resistant. (rF++)
You are vulnerable to cold. (rC-)
You float through the air rather than walking.
You learn spells naturally, not from books.
Your magical power is your life essence.
You have superior vitality. (+4 MHP)


   Skills:
 - Level 4.9 Fighting
 + Level 4.5 Ranged Weapons
 - Level 1.0 Armour
 - Level 3.0 Dodging
 - Level 0.7 Stealth


You knew the following spells:

 Your Spells              Type           Power      Damage    Failure   Level
a - Necrotise             Necr           0%         1d4       65%         1
b - Jinxbite              Hex            0%         N/A       80%         2
Your spell library was empty.

Inventory:

Hand Weapons
 a - a +0 shortbow (weapon)
Armour
 d - a +0 helmet (worn)
 f - a +0 pair of gloves (worn)
 h - a +0 ring mail (worn)
Potions
 g - a potion of curing

Dungeon Overview and Level Annotations

Branches:
Dungeon (3/15)

Altars:

Annotations:
D:3 1 transporter


Message History

The hobgoblin barely misses you. The gnoll completely misses you.
The gnoll closely misses you.
You shoot an arrow. The arrow hits the gnoll.
The gnoll is almost dead.
The hobgoblin misses you.
The gnoll hits you from afar with a +0 spear.
The gnoll hits you with a +0 flail!
You shoot an arrow.
The arrow hits the gnoll but does no damage.
The gnoll is almost dead.
The hobgoblin barely misses you. The gnoll closely misses you.
The gnoll hits you with a +0 flail.
You shoot an arrow. The arrow hits the gnoll!
You kill the gnoll!
The hobgoblin completely misses you. The gnoll misses you.
You shoot an arrow.
The arrow hits the hobgoblin but does no damage.
The gnoll barely misses you.
The hobgoblin hits you but does no damage. x2
The gnoll closely misses you.
You shoot an arrow. The arrow closely misses the hobgoblin.
The arrow barely misses the gnoll.
The hobgoblin barely misses you.
The gnoll hits you from afar with a +0 spear.
You shoot an arrow.
The arrow hits the hobgoblin but does no damage.
The hobgoblin barely misses you. The gnoll barely misses you.
You shoot an arrow.
The arrow hits the hobgoblin but does no damage.
The gnoll closely misses you. The hobgoblin barely misses you.
The hobgoblin misses you. The gnoll hits you but does no damage.
You shoot an arrow.
The arrow hits the hobgoblin but does no damage.
The hobgoblin closely misses you. The gnoll barely misses you.
You shoot an arrow. The arrow closely misses the hobgoblin.
The arrow hits the gnoll.
The gnoll is moderately wounded.
The hobgoblin closely misses you.
The gnoll hits you from afar with a +0 spear!
You die...

#.# ......~¤...... #.#
.....~~...... #.#
....~~...... #.####
...~¤.....# ..###.#..##
........ .#.#...#...##
.).g.
.#.#........####$g######
..#.......##....@.......
.....#.##.########.####.
.....#.##.# #
.....#.##.# .......##.#
.....####.# ....># #.#
..)..# #.# ..#### #.#


You could see a gnoll and a hobgoblin.

Vanquished Creatures
  Sigmund (D:2)
  Natasha (thrice) (D:2)
  An adder (D:2)
  3 gnolls (D:3)
  A dart slug (D:1)
  A ribbon worm (D:3)
  An endoplasm (D:2)
  A giant cockroach (D:1)
  10 goblins
  5 hobgoblins
  5 kobolds
  4 quokkas
  2 ball pythons
  4 bats
  A frilled lizard (D:2)
  5 rats
48 creatures vanquished.

Notes
Turn   | Place    | Note
-------+----------+-------------------------------------------
     0 | D:1      | qw the Djinni Hunter began the quest for the Orb.
     0 | D:1      | Reached XP level 1. HP: 18/18 MP: 0/0
     0 | D:1      | 0 ||| qw: Version: 0.3-a-136-gdd3b4e8
     0 | D:1      | 0 ||| qw: Game counter: 1188
     0 | D:1      | 0 ||| qw: Melee chars always use a shield: true
     0 | D:1      | 0 ||| qw: God list: Okawaru
     0 | D:1      | 0 ||| qw: Allow faded altars: false
     0 | D:1      | 0 ||| qw: Do Orc after clearing Dungeon:15 true
     0 | D:1      | 0 ||| qw: Do second Lair branch before Depths: true
     0 | D:1      | 0 ||| qw: Lair rune preference: random
     0 | D:1      | 0 ||| qw: Goals: Normal
     0 | D:1      | 0 ||| PLANNING D:1-11
    52 | D:1      | Reached XP level 2. HP: 23/23 MP: 0/0
   531 | D:1      | Reached XP level 3. HP: 14/28 MP: 0/0
   531 | D:1      | Learned a level 1 spell: Necrotise
   746 | D:1      | 746 ||| UPGRADING to +0 helmet.
   751 | D:1      | 751 ||| READING scroll labelled MACEWUMU XUTTU.
   751 | D:1      | 751 ||| IDENTIFYING lumpy orange potion
   752 | D:1      | 752 ||| DROPPING scroll of butterflies.
   753 | D:1      | 753 ||| DROPPING potion of magic.
   786 | D:2      | Noticed Sigmund
   796 | D:2      | 796 ||| DRINKING lumpy sapphire potion.
   797 | D:2      | 797 ||| DRINKING fizzy yellow potion.
   814 | D:2      | Killed Sigmund
   815 | D:2      | Reached XP level 4. HP: 37/38 MP: 0/0
   815 | D:2      | Reached XP level 5. HP: 40/42 MP: 0/0
   815 | D:2      | Learned a level 2 spell: Jinxbite
  1091 | D:2      | Noticed Natasha
  1100 | D:2      | Killed Natasha
  1101 | D:2      | Reached skill level 3 in Dodging
  1101 | D:2      | Reached XP level 6. HP: 48/49 MP: 0/0
  1355 | D:2      | Noticed Natasha
  1365 | D:2      | Killed Natasha
  1434 | D:2      | Found a faded altar of an unknown god.
  1528 | D:2      | Noticed Natasha
  1534 | D:2      | Killed Natasha
  1593 | D:2      | 1593 ||| UPGRADING to +0 pair of gloves.
  1598 | D:2      | 1598 ||| UPGRADING to +0 ring mail.
  1608 | D:2      | 1608 ||| DROPPING +0 leather armour.
  1609 | D:2      | 1609 ||| READING scroll of identify.
  1609 | D:2      | 1609 ||| IDENTIFYING orange potion
  1610 | D:2      | 1610 ||| READING 2 scrolls labelled KURRYGUZIPI.
  1611 | D:2      | 1611 ||| DROPPING scroll of poison.
  1728 | D:3      | Found a transporter.
  1769 | D:3      | Reached skill level 1 in Armour
  1776 | D:3      | HP: 7/49 [gnoll/+0 flail (7)]
  1784 | D:3      | Slain by a gnoll

Levels and vault maps discovered:
D:1:      evilmike_arrival_crescent, layout_basic
D:2:      kennysheep_the_goblin_king, layout_loops_ring,
          chequers_ecumenical_altar_simple_redux, uniq_sigmund, uniq_natasha
D:3:      gammafunk_steamed_eel, layout_loops_ring, minmay_misc_feat_hallway,
          minmay_misc_feat_alley, kennysheep_cross_room

Skill      XL: |  1  2  3  4  5  6 |
---------------+-------------------+-----
Ranged Weapons | 4 |  4.5
Fighting       | 4 |  4.9
Dodging        | 3 |  3.0
Armour         | 1 |  1.0
Stealth        | |  0.7

Action                     |  1- 3 |  4- 6 || total
---------------------------+-------+-------++-------
   Fire: Shortbow          |    97 |    98 ||   195
    Use: Potion            |     2 |       ||     2
         Scroll            |     1 |     2 ||     3
 Armour: Leather armour    |    30 |    28 ||    58
         Skin              |    12 |       ||    12
         Ring mail         |       |    25 ||    25
  Dodge: Dodged            |    18 |    73 ||    91

Table legend:
 A = Non-vault XP
 B = Vault XP
 C = Vault XP percentage of total XP
 D = Non-vault monster count
 E = Vault monster count
 F = Vault count percentage of total count
                 A         B        C        D         E       F
            +---------+---------+-------+---------+---------+-------
      Total |     181 |     263 |  59.2 |      39 |       9 |  18.8
            +---------+---------+-------+---------+---------+-------
        D:1 |      35 |       0 |   0.0 |      21 |       0 |   0.0
        D:2 |      96 |     263 |  73.3 |      12 |       9 |  42.9
        D:3 |      50 |       0 |   0.0 |       6 |       0 |   0.0
            +---------+---------+-------+---------+---------+-------
